 Dungeon Crawl Stone Soup version 0.28.0-43-g3370ac3207 (webtiles) character file.

Game seed: 6306660789852841305

79 pkoi the Ducker (level 4, -1/23 HPs)
             Began as a Spriggan Monk on Mar 6, 2022.
             Killed from afar by an orc wizard (2 damage)
             ... with a magic dart
             ... on level 3 of the Dungeon.
             The game lasted 00:07:42 (5716 turns).

pkoi the Ducker (Spriggan Monk)                     Turns: 5716, Time: 00:07:42

Health: -1/23      AC:  3    Str:  7    XL:     4   Next: 16%
Magic:  5/5        EV: 19    Int: 13    God:
Gold:   122        SH:  0    Dex: 17    Spells: 3/3 levels left

rFire   . . .      SeeInvis +   c - +0 spear
rCold   . . .      Faith    .   (no shield)
rNeg    . . .      Spirit   .   a - +0 robe
rPois   .          Reflect  .   (helmet restricted)
rElec   .          Harm     .   e - +0 cloak
rCorr   .          Rampage  .   (gloves unavailable)
Will    .....                   (boots unavailable)
Stlth   +++.......              (no amulet)
HPRegen 0.07/turn               (no ring)
MPRegen 0.09/turn               (no ring)

@: very quick
A: very small, no large weapons, unfitting armour, see invisible, speed 3
a: no special abilities


You were on level 3 of the Dungeon.
You visited 1 branch of the dungeon, and saw 3 of its levels.

You collected 122 gold pieces.

Inventory:

Hand Weapons
 c - a +0 spear (weapon)
 f - a +0 dagger
Missiles
 j - 11 poisoned darts (quivered)
Armour
 a - a +0 robe (worn)
 e - a +0 cloak (worn)
Scrolls
 b - a scroll of teleportation {unknown}
 d - 2 scrolls of vulnerability {unknown}
 g - a scroll of identify {unknown}
 h - a scroll of blinking {unknown}
Potions
 i - a potion of flight {unknown}
 k - a potion of mutation {unknown}


   Skills:
 - Level 2.4 Fighting
 + Level 5.1 Dodging
 + Level 4.7 Stealth
 + Level 3.1 Unarmed Combat


You had 3 spell levels left.
You didn't know any spells.
Your spell library was empty.

Dungeon Overview and Level Annotations

Branches:
Dungeon (3/15)

Altars:


Innate Abilities, Weirdness & Mutations

You are very small and have problems with some larger weapons.
You are too small for most types of armour.
You have supernaturally acute eyesight. (SInv)
You cover ground extremely quickly. (Speed+++)


Message History

Press: ? - help, Dir - move target, f/p - orc wizard
Aim: an orc wizard, wielding a +2 dagger of holy wrath and wearing a +0 robe (moderately wounded, about 44% to evade your +0 spear)
You reach to attack!
You closely miss the orc wizard.
The orc wizard is moderately wounded.
Reach: c) +0 spear
Press: ? - help, Dir - move target, f/p - orc wizard
Aim: an orc wizard, wielding a +2 dagger of holy wrath and wearing a +0 robe (moderately wounded, about 44% to evade your +0 spear)
You reach to attack!
You hit the orc wizard.
The orc wizard is heavily wounded.
Reach: c) +0 spear
Press: ? - help, Dir - move target, f/p - orc wizard
Aim: an orc wizard, wielding a +2 dagger of holy wrath and wearing a +0 robe (heavily wounded, about 44% to evade your +0 spear)
You reach to attack!
You hit the orc wizard.
The orc wizard is severely wounded.
The orc wizard mumbles some strange words.
The orc wizard flickers and vanishes for a moment.
Reach: c) +0 spear
Press: ? - help, Dir - move target, f/p - orc wizard
Aim: an orc wizard, wielding a +2 dagger of holy wrath and wearing a +0 robe (severely wounded, slightly transparent, about 44% to evade your +0 spear)
You reach to attack!
You miss the orc wizard.
The orc wizard is severely wounded.
The orc wizard gestures at you while chanting.
The puff of flame hits you!
* * * LOW HITPOINT WARNING * * *
Reach: c) +0 spear
Press: ? - help, Dir - move target, f/p - orc wizard
Aim: an orc wizard, wielding a +2 dagger of holy wrath and wearing a +0 robe (severely wounded, slightly transparent, about 44% to evade your +0 spear)
You reach to attack!
You hit the orc wizard.
The orc wizard is almost dead.
The orc wizard gestures at you while chanting.
The puff of flame hits you!
* * * LOW HITPOINT WARNING * * *
Reach: c) +0 spear
Press: ? - help, Dir - move target, f/p - orc wizard
Aim: an orc wizard, wielding a +2 dagger of holy wrath and wearing a +0 robe (almost dead, slightly transparent, about 44% to evade your +0 spear)
You reach to attack!
You miss the orc wizard.
The orc wizard is almost dead.
The orc wizard gestures at you while chanting.
The magic dart hits you.
You die...

### #<#
#<# #.#
#.# #.#
#.# #.#
#@# #.#
#########
#o#
#........
#.#
#.#######
#.# #.#
#.# ### #
#.# +.
#.# #.###
#.# #...o


You could see an orc wizard (invisible).

Vanquished Creatures
  2 adders
  A worm (D:2)
  A dart slug (D:1)
  An orc (D:3)
  7 ball pythons
  2 bats (D:1)
  4 endoplasms
  4 giant cockroaches
  5 goblins
  6 hobgoblins
  5 jackals (D:1)
  A kobold (D:2)
  2 quokkas
  A frilled lizard (D:1)
  5 rats
47 creatures vanquished.

Vanquished Creatures (others)
  A ball python (D:3)
  A rat (D:3)
2 creatures vanquished.

Grand Total: 49 creatures vanquished

Notes
Turn   | Place    | Note
-------+----------+-------------------------------------------
     0 | D:1      | pkoi the Spriggan Monk began the quest for the Orb.
     0 | D:1      | Reached XP level 1. HP: 11/11 MP: 2/2
   925 | D:1      | Reached XP level 2. HP: 16/16 MP: 3/3
  1734 | D:1      | Reached XP level 3. HP: 16/19 MP: 4/4
  4584 | D:2      | Reached skill level 5 in Dodging
  4697 | D:2      | Reached XP level 4. HP: 11/23 MP: 5/5
  5715 | D:3      | HP: 1/23 [orc wizard/puff of flame (8)]
  5716 | D:3      | Killed from afar by an orc wizard

Illustrated notes

Levels and vault maps discovered:
D:1:      dpeg_arrival_stone_temple_mockup, layout_loops_corners,
          minmay_misc_feat_rows
D:2:      layout_basic
D:3:      minmay_roachtagon, layout_basic, elyvilon_altar_4, serial_shops,
          shop_statue, basic_ecumenical_altar, kennysheep_nondescript,
          minmay_shallow_snake_nest

Skill      XL: |  1  2  3 |
---------------+----------+-----
Stealth        | 4 |  4.7
Unarmed Combat | 3 |  3.1
Dodging        | 5 |  5.1
Fighting       | |  2.4

Action                   |  1- 3 |  4- 6 || total
-------------------------+-------+-------++-------
Melee: Spear             |   121 |    30 ||   151
       Punch             |     4 |       ||     4
       Dagger            |   151 |       ||   151
Throw: Dart              |     6 |       ||     6
 Stab: Sleeping          |    13 |     3 ||    16
       Distracted        |       |     1 ||     1
Armor: Robe              |    20 |     1 ||    21
Dodge: Dodged            |   201 |     9 ||   210
